 Dungeon Crawl Stone Soup version 0.21.0-24-g2553a33 (webtiles) character file.

1065 Gorglomux the Slinger (level 8, -7/48 HPs)
             Began as a Halfling Earth Elementalist on Jan 20, 2018.
             Was a Follower of Fedhas.
             Hit by a tomahawk thrown by an orc warrior (13 damage)
             ... on level 6 of the Dungeon.
             The game lasted 00:14:13 (7956 turns).

Gorglomux the Slinger (Halfling Earth Elementalist) Turns: 7956, Time: 00:14:14

Health: -7/48      AC:  7    Str: 13    XL:     8   Next: 52%
Magic:  10/10      EV: 12    Int: 13    God:    Fedhas [*.....]
Gold:   233        SH:  0    Dex: 15    Spells: 9/10 levels left

rFire    . . .     SeeInvis .   a - +0 dagger (venom)
rCold    . . .     Gourm    .   (shield restricted)
rNeg     . . .     Faith    .   v - +0 scale mail
rPois    .         Spirit   .   (no helmet)
rElec    .         Reflect  .   (no cloak)
rCorr    +         Harm     .   m - +0 pair of gloves
MR       .....                  (no boots)
Stlth    +.........             (no amulet)
HPRegen  0.16/turn              X - +2 ring of strength
MPRegen  0.12/turn              g - ring of resist corrosion

@: lethally poisoned (-7 -> -9), hasted, very quick
A: small, mutation resistance 1
a: Fungal Bloom, Evolution, Renounce Religion


You were on level 6 of the Dungeon.
You worshipped Fedhas.
Fedhas was aware of your devotion.
You were very hungry.

You visited 2 branches of the dungeon, and saw 7 of its levels.

You collected 233 gold pieces.

Inventory:

Hand Weapons
 a - a +0 dagger of venom (weapon)
 b - a +0 hunting sling
Missiles
 l - 21 sling bullets
 V - 17 stones (quivered)
Armour
 m - a +0 pair of gloves (worn)
 v - a +0 scale mail (worn)
 T - a +0 shield
Jewellery
 g - a ring of resist corrosion (right hand)
 s - an uncursed ring of see invisible
 X - a +2 ring of strength (left hand)
Wands
 S - a wand of scattershot (6)
Scrolls
 k - 6 scrolls of remove curse
 M - a scroll of magic mapping
 W - a scroll of blinking {unknown}
 Y - a scroll of random uselessness {unknown}
 Z - a scroll of enchant armour {unknown}
Potions
 j - a potion of resistance
 r - 2 potions of flight
 u - a potion of ambrosia
 P - a potion of heal wounds
 U - a potion of mutation {unknown}
Books
 e - a book of Geomancy

   Spells                             Type                      Level
   a - Sandblast                      Earth                        1
   b - Passwall                       Transmutation/Earth          2
   c - Stone Arrow                    Conjuration/Earth            3
   d - Petrify                        Transmutation/Earth          4
   e - Lee's Rapid Deconstruction     Earth                        5
Comestibles
 d - 7 rations


   Skills:
 - Level 1.6 Fighting
 + Level 11.9 Slings
 - Level 2.0 Armour
 - Level 3.1 Dodging
 - Level 2.1 Stealth
 - Level 1.5 Spellcasting
   Level 0.5 Transmutations
 - Level 3.0 Earth Magic


You had 9 spell levels left.
You knew the following spells:

 Your Spells              Type           Power        Failure   Level  Hunger
a - Sandblast             Erth           #.....       36%         1    ##.....


Dungeon Overview and Level Annotations

Branches:
Dungeon (6/15)             Temple (1/1) D:4

Altars:
Cheibriados
Dithmenos
Fedhas
Gozag
Hepliaklqana
Makhleb
Nemelex Xobeh
Okawaru
Qazlal
Ru
Trog
Vehumet
Wu Jian
Yredelemnul
Zin
The Shining One

Annotations:
D:6 soepske's ghost, novice GnVM


Innate Abilities, Weirdness & Mutations

You are small and have problems with some larger weapons.
You are somewhat resistant to further mutation.


Message History

Butt's butt begins to radiate toxic energy! * * * don't die
* * * You are poisoned!
You butt sick!
The killer bee zombie misses you! * * * don't die
* * * You butt more poisoned!
You feel sick!
The killer bee zombie barely misses you!
An orc comes into view!
The orc shouts!!!
There is a stone staircase leading down here!
An orc priest comes into view! It is wielding a butt axe!
The orc priest shouts!!!
You hear a shout!!!
The orc priest moves out of view!
An orc wizard comes into view!
It butts wielding a dagger!
The orc wizard shouts!!!
An orc warrior comes into view! It is butt a flail of butt-ly wrath!
You feel sick!
The orc warrior throws a tomahawk!
The tomahawk hits you!!! rip Fedhas appreciates your contribution to the ecosystem!

§§§≈≈≈....##.# #.###....
.≈≈≈≈.....##.# #.# ##...
.≈≈≈≈..o..##.# #.# ##.#
..≈≈......##.# #.# #.#
...≈...o..##.####.#####.#
.........oo..........##..
######.#.........##.....
..######.#.###############
.........@.#
########.#Z#######
#.#.>.....# #.#######.#
#.# #.# #.# #.# ... #.#
..# #.# #W#


You could see an orc warrior, an orc priest, an orc wizard, an orc and a killer
bee zombie.

Vanquished Creatures
  A necrophage (D:6)
  2 centaurs (D:5)
  A centaur zombie (D:6)
  A crimson imp (D:5)
  4 orc priests
  A bullfrog skeleton (D:4)
  4 orc wizards
  3 hounds
  An iguana (D:5)
  3 worker ants
  A hound skeleton (D:4)
  13 adders
  3 gnolls (D:3)
  3 oozes
  3 adder skeletons (D:4)
  3 dart slugs
  2 worms
  33 orcs
  A giant cockroach (D:2)
  7 goblins
  5 hobgoblins
  7 jackals
  3 quokkas
  A ball python (D:2)
  3 bats
  2 frilled lizards
  7 kobolds
  A quokka zombie (D:5)
  7 rats
126 creatures vanquished.

Vanquished Creatures (others)
  A bullfrog zombie (D:6)
  21 toadstools
22 creatures vanquished.

Grand Total: 148 creatures vanquished

Notes
Turn   | Place    | Note
-------+----------+-------------------------------------------
     0 | D:1      | Gorglomux the Halfling Earth Elementalist began the quest for the Orb.
     0 | D:1      | Reached XP level 1. HP: 11/11 MP: 3/3
   312 | D:1      | Reached XP level 2. HP: 8/18 MP: 1/4
   626 | D:1      | Reached skill level 1 in Armour
  1215 | D:1      | Reached skill level 1 in Fighting
  1676 | D:2      | Reached XP level 3. HP: 20/23 MP: 1/5
  1812 | D:2      | Reached skill level 3 in Dodging
  1977 | D:2      | Reached XP level 4. HP: 22/28 MP: 6/6
  1995 | D:2      | Reached skill level 1 in Slings
  2282 | D:2      | Reached skill level 2 in Slings
  2450 | D:2      | Found a bloodstained altar of Trog.
  2931 | D:3      | Reached skill level 3 in Slings
  2931 | D:3      | Reached XP level 5. HP: 13/33 MP: 4/7
  3121 | D:3      | Reached skill level 4 in Slings
  3192 | D:3      | Found a glowing silver altar of Zin.
  3547 | D:3      | Reached skill level 5 in Slings
  3658 | D:3      | Found a sparkling altar of Nemelex Xobeh.
  3904 | D:4      | Reached XP level 6. HP: 32/38 MP: 8/8
  4529 | D:4      | Reached skill level 6 in Slings
  4721 | D:4      | Reached skill level 7 in Slings
  4934 | D:4      | Reached XP level 7. HP: 37/43 MP: 9/9
  4988 | D:4      | Reached skill level 8 in Slings
  5107 | D:4      | Found a staircase to the Ecumenical Temple.
  5115 | Temple   | Entered the Ecumenical Temple
  5159 | Temple   | Became a worshipper of Fedhas Madash
  5666 | D:4      | Reached skill level 9 in Slings
  5674 | D:4      | Found a burning altar of Makhleb.
  6191 | D:5      | Entered Level 5 of the Dungeon
  6287 | D:5      | Reached skill level 10 in Slings
  6297 | D:5      | Reached XP level 8. HP: 8/48 MP: 10/10
  6300 | D:5      | Reached * piety under Fedhas
  6474 | D:5      | Found a snail-covered altar of Cheibriados.
  6606 | D:5      | Reached skill level 11 in Slings
  7392 | D:6      | Noticed soepske's ghost (novice GnVM)
  7956 | D:6      | Hit by a tomahawk thrown by an orc warrior

Skill      XL: |  1  2  3  4  5  6  7  8 |
---------------+-------------------------+-----
Armour         | 1 2 |  2.0
Fighting       | 1 |  1.6
Dodging        | 3 |  3.1
Slings         | 3 5 7 10 11 | 11.9
Stealth        | |  2.1
Spellcasting   | |  1.5
Transmutations | |  0.5
Earth Magic    | |  3.0

Action                   |  1- 3 |  4- 6 |  7- 9 || total
-------------------------+-------+-------+-------++-------
Melee: Dagger            |    94 |       |   206 ||   300
       Hunting sling     |       |     1 |       ||     1
 Fire: Hunting sling     |    11 |   293 |   168 ||   472
 Cast: Sandblast         |    27 |     2 |       ||    29
Invok: Fungal Bloom      |       |       |     6 ||     6
  Use: Scroll            |     3 |     4 |     6 ||    13
       Potion            |       |     2 |     5 ||     7
  Eat: Chunk             |     4 |     6 |     8 ||    18
       Ration            |       |     1 |       ||     1
Armor: Robe              |     8 |       |       ||     8
       Scale mail        |     7 |    76 |   114 ||   197
Dodge: Dodged            |    91 |   143 |   213 ||   447
